 Dungeon Crawl Stone Soup version 0.30-a0-365-ge7f957f1db (webtiles) character file.

Game seed: 12630042016746179692

74 flotson the Sneak (level 4, -1/35 HPs)
             Began as a Demonspawn Delver on Nov 18, 2022.
             Slain by a goblin
             ... wielding the +7 spear of Evisceration {pain, Int-2 Dex+2 Stlth+}
              (8 damage)
             ... on level 2 of the Dungeon.
             The game lasted 00:02:49 (1235 turns).

flotson the Sneak (Demonspawn Delver)               Turns: 1235, Time: 00:02:49

Health: -1/35      AC:  6    Str: 14    XL:     4   Next: 9%
Magic:  4/4        EV: 12    Int: 11    God:
Gold:   61         SH:  0    Dex: 15    Spells: 3/3 levels left

rFire   + . .      SeeInvis .    a - +0 bardiche
rCold   . . .      Faith    .    (shield currently unavailable)
rNeg    . . .      Spirit   .    p - +3 leather armour
rPois   .          Reflect  .    (no helmet)
rElec   .          Harm     .    (no cloak)
rCorr   .          Rampage  .    (no gloves)
Will    .....                    (no boots)
Stlth   +++.......               (no amulet)
HPRegen 0.25/turn                r - ring of protection from fire
MPRegen 0.09/turn                (no ring)

@: no status effects
A: demonic guardian 2
a: no special abilities


You were on level 2 of the Dungeon.
You visited 1 branch of the dungeon, and saw 5 of its levels.

You collected 61 gold pieces.

Inventory:

Hand Weapons
 a - a +0 bardiche (weapon)
Missiles
 m - 2 javelins (quivered)
Armour
 p - a +3 leather armour (worn)
Jewellery
 r - a ring of protection from fire (left hand)
Wands
 g - a wand of digging (3)
Scrolls
 b - a scroll of torment {unknown}
 c - a scroll of fog
 e - a scroll of fear
 h - 2 scrolls of identify {unknown}
 k - a scroll of noise {unknown}
 n - a scroll of teleportation {unknown}
Potions
 d - a potion of brilliance {unknown}
 f - a potion of haste
 i - a potion of degeneration {unknown}
 j - a potion of lignification {unknown}
 l - a potion of mutation {unknown}
 o - a potion of cancellation {unknown}
 q - a potion of curing {unknown}


   Skills:
 + Level 3.4 Fighting
 - Level 1.7(2.0) Axes
 + Level 1.2(1.7) Polearms
 + Level 0.3 Throwing
 + Level 1.2 Armour
 + Level 2.3 Dodging
 - Level 4.5 Stealth
 + Level 1.3 Evocations


You had 3 spell levels left.
You didn't know any spells.
Your spell library was empty.

Dungeon Overview and Level Annotations

Branches:
Dungeon (5/15)             Temple (0/1) D:4

Altars:
Yredelemnul

Shops:
D:1 [


Innate Abilities, Weirdness & Mutations

A demonic guardian rushes to your aid.


Message History

No target in view!
No target in view!
No target in view!
No target in view!
j - an emerald potion
q - a coppery potion
Found an escape hatch in the ceiling.
r - a ring of protection from fire
r - a ring of protection from fire (left hand)
An adder comes into view.
A goblin comes into view.
It is wielding the +7 spear of Evisceration {pain, Int-2 Dex+2 Stlth+}.
The adder hisses angrily.
You hear a shout!
The goblin shouts!
The adder closely misses you.
A kobold comes into view.
It is wielding a +2 short sword of speed.
You barely miss the adder. The adder barely misses you.
The adder bites you but does no damage.
You closely miss the adder. The adder misses you.
The adder bites you but does no damage.
The goblin hits you from afar with the +7 spear of Evisceration {pain, Int-2 Dex+2 Stlth+}!
You slash the adder!
You kill the adder!
The goblin barely misses you. The kobold barely misses you.
The goblin hits you from afar with the +7 spear of Evisceration {pain, Int-2 Dex+2 Stlth+}!
You have reached level 4!
You feel agile.
You are too injured to fight recklessly!
You barely miss the kobold. The kobold closely misses you.
The goblin hits you from afar with the +7 spear of Evisceration {pain, Int-2 Dex+2 Stlth+}!
* * * LOW HITPOINT WARNING * * *
A demonic guardian appears!
The kobold closely misses you. The kobold completely misses you.
The goblin barely misses you.
You barely miss the kobold. The kobold closely misses you.
The goblin hits you from afar with the +7 spear of Evisceration {pain, Int-2 Dex+2 Stlth+}.
* * * LOW HITPOINT WARNING * * *
The kobold hits you with a +2 short sword of speed.
* * * LOW HITPOINT WARNING * * *
Your orange demon completely misses the kobold.
The kobold completely misses you.
The goblin hits you from afar with the +7 spear of Evisceration {pain, Int-2 Dex+2 Stlth+}!
You die...

#......# #.....#
#......###
#####.###
#......#.#
#...##
#......#.#
###..###
#......#.#
##...#
#......#.#####
###..
#............#
##.
........4.###...
#. .........#@#
#. .<.......##K#
+. ......##+##.g
#. ###. #... #.
# #.#.# ## ....#
#.... ### ##


You could see a goblin, a kobold (ally target) and a friendly orange demon
(summoned).

Vanquished Creatures
  3 adders (D:2)
  2 worms (D:2)
  An orc (D:4)
  3 ball pythons
  7 endoplasms
  A giant cockroach (D:1)
  3 goblins (D:1)
  2 jackals (D:1)
  2 quokkas (D:1)
  2 bats
  A frilled lizard (D:1)
  9 kobolds
  A rat (D:1)
37 creatures vanquished.

Vanquished Creatures (collateral kills)
  A kobold (D:1)
1 creature vanquished.

Vanquished Creatures (others)
  3 demonic plants (D:1)
  2 fungi (D:1)
  A plant (D:1)
  2 withered plants (D:1)
8 creatures vanquished.

Grand Total: 46 creatures vanquished

Notes
Turn   | Place    | Note
-------+----------+-------------------------------------------
     0 | D:5      | flotson the Demonspawn Delver began the quest for the Orb.
     0 | D:5      | Reached XP level 1. HP: 18/18 MP: 1/1
     4 | D:5      | Noticed a necrophage
    58 | D:4      | Noticed a phantom
    82 | D:4      | Noticed an orc priest
    82 | D:4      | Noticed an orc priest
   248 | D:2      | Gained mutation: A weak demonic guardian rushes to your
                  | aid. [demonic ancestry]
   248 | D:2      | Reached XP level 2. HP: 20/24 MP: 2/2
   291 | D:2      | Reached skill level 1 in Evocations
   335 | D:1      | Gained mutation: A demonic guardian rushes to your aid.
                  | [demonic ancestry]
   335 | D:1      | Reached XP level 3. HP: 25/29 MP: 3/3
   480 | D:1      | Reached skill level 1 in Armour
   487 | D:1      | Reached skill level 1 in Polearms
   627 | D:1      | Found a faded altar of an unknown god.
   661 | D:1      | Found Pukoo's Armour Shop.
  1189 | D:2      | Found a basalt altar of Yredelemnul.
  1229 | D:2      | Identified the +7 spear of Evisceration {pain, Int-2 Dex+2
                  | Stlth+}
  1234 | D:2      | Reached XP level 4. HP: 17/35 MP: 4/4
  1235 | D:2      | Slain by a goblin

Illustrated notes

Levels and vault maps discovered:
D:1:      dpeg_arrival_three_same_balls, layout_loops_ring, serial_shops,
          nicolae_shop_competitors_out_of_business, shapermc_ecumenical_altar_gd
D:2:      layout_basic, basic_altar
D:3:      layout_basic, serial_shops, nicolae_shop_overgrown_old_shop
D:4:      layout_cave_pools, mainiacjoe_overflow_surrounded_room,
          vehumet_statue, temple_pool_b, uniq_ijyb
D:5:      layout_basic, amethyst_overflow_temple_binary

Skill      XL: |  1  2  3 |
---------------+----------+-----
Dodging        | 2 |  2.3
Evocations     | 1 |  1.3
Armour         | 1 |  1.2
Polearms       | 1 |  1.2
Fighting       | |  3.4
Axes           | |  1.7
Throwing       | |  0.3
Stealth        | |  4.5

Action                   |  1- 3 |  4- 6 || total
-------------------------+-------+-------++-------
Melee: Bardiche          |   114 |     2 ||   116
  Use: Scroll            |     1 |       ||     1
       Potion            |     1 |       ||     1
Armor: Chain mail        |    82 |       ||    82
       Leather armour    |     3 |       ||     3
Dodge: Dodged            |    49 |     6 ||    55

Table legend: (Time is in decaauts)
 A = Elapsed time spent in this place.
 B = Non-inter-level travel time spent in this place.
 C = Inter-level travel time spent in this place.
 D = Time resting spent in this place.
 E = Time spent auto-exploring this place.
 F = Levels seen in this place.
 G = Mean time per level.
                   A        B        C        D        E       F      G
               +--------+--------+--------+--------+--------+-----+--------+
         Total |   1328 |   1305 |     23 |      0 |    892 |   5 |  265.6 |
       Dungeon |   1328 |   1305 |     23 |      0 |    892 |   5 |  265.6 |
               +--------+--------+--------+--------+--------+-----+--------+

Top non-repeatable levels by time:
     D:1: 907 daAuts
     D:2: 249 daAuts
     D:3: 79 daAuts
     D:4: 78 daAuts
     D:5: 14 daAuts
